 Dungeon Crawl Stone Soup version 0.31-a0-981-geadf994542 (webtiles) character file.

Game seed: 6338743009717773893

348 zenocrate the Trooper (level 6, 0/51 HPs)
             Began as a Formicid Fighter on Oct 31, 2023.
             Slain by a river rat (4 damage)
             ... in a sewer.
             The game lasted 00:02:26 (2119 turns).

zenocrate the Trooper (Formicid Fighter)            Turns: 2119, Time: 00:02:26

Health: 0/51       AC:  6    Str: 22    XL:     6   Next: 91%
Magic:  7/7        EV:  9    Int:  8    God:
Gold:   159        SH:  6    Dex: 13    Spells: 6/7 levels left

rFire   . . .        a - +0 war axe
rCold   . . .        c - +1 buckler
rNeg    . . .        b - +0 scale mail
rPois   .            (helmet unavailable)
rElec   .            (no cloak)
rCorr   .            (no gloves)
SInv    +            (no boots)
Will    .....        (no amulet) Stlth
                     (no ring)
HPRegen 0.28/turn    (no ring)
MPRegen 0.10/turn

%: no passive effects
@: no status effects
A: permanent stasis, dig shafts and tunnels, antennae 3, four strong arms
a: Dig


You were in a sewer.
You visited 1 branch of the dungeon, and saw 3 of its levels.
You also visited: Sewer.

You collected 159 gold pieces.

Inventory:

Hand Weapons
 a - a +0 war axe (weapon)
Missiles
 e - 8 poisoned darts
 j - 3 atropa-tipped darts (quivered)
 n - 3 boomerangs
Armour
 b - a +0 scale mail (worn)
 c - a +1 buckler (worn)
Wands
 k - a wand of roots (7)
Scrolls
 h - a scroll of identify
Potions
 d - a potion of might
 f - a potion of attraction
 g - 2 potions of heal wounds
 i - 2 potions of invisibility {unknown}


   Skills:
 + Level 5.5 Fighting
 + Level 5.3 Axes
 - Level 3.2 Armour
 - Level 4.0 Shields
 - Level 1.0 Spellcasting


You had 6 spell levels left.
You knew the following spells:

 Your Spells              Type           Power      Damage    Failure   Level
m - Apportation           Tloc           0%         N/A       77%         1

Your spell library contained the following spells:

 Spells                   Type           Power      Damage    Failure   Level
 Jinxbite                 Hex            0%         N/A       88%         2
 Alistair's Intoxication  Tmut/Pois      0%         N/A       100%        5


Dungeon Overview and Level Annotations

Branches:
Dungeon (3/15)              Sewer (1/1)

Altars:
Gozag
Nemelex Xobeh
Wu Jian

Shops:
D:2 [


Innate Abilities, Weirdness & Mutations

You cannot be hasted, slowed, berserked, paralysed or teleported.
You can dig through walls and to a lower floor.
You have a pair of large antennae on your head. (SInv)
Your four strong arms can wield two-handed weapons with a shield.


Message History

The river rat bites you but does no damage.
You block the rat's attack.
You hit the river rat.
The river rat is severely wounded.
You hit the rat. You slash the river rat!
You feel sick. The river rat barely misses you. The river rat bites you.
You block the rat's attack.
Unknown command.
You hit the river rat.
The river rat is severely wounded.
You hit the rat.
You kill the rat!
You barely miss the river rat.
You feel sick.
You are no longer poisoned.
The river rat bites you but does no damage.
You block the river rat's attack. The river rat bites you!
The river rat bites you.
* * * LOW HITPOINT WARNING * * *
You slash the river rat!
You kill the river rat!
You closely miss the river rat. The river rat misses you.
You are too injured to fight recklessly!
Unknown command.
You closely miss the river rat.
The river rat is severely wounded.
The river rat barely misses you.
Unknown command.
Unknown command.
You closely miss the river rat.
The river rat is severely wounded.
The river rat bites you.
* * * LOW HITPOINT WARNING * * *
Unknown command.
Unknown command.
You hit the river rat but do no damage.
The river rat is severely wounded.
The river rat bites you.
* * * LOW HITPOINT WARNING * * *
The river rat bites you.
You die...

#..#...~≈≈≈≈≈
##.....~≈≈≈≈≈~.##
#......≈≈≈≈~...#
##....~~≈≈≈.....
##.....~~≈≈.....
##........≈≈~....
##.........~≈....r
#..#.....r~≈~.....
#.###....@†≈≈~....
#∩###.....~≈≈.....
####†††....≈≈~..##
##.....~≈≈≈~.##
#.......≈≈≈~.#
##.......≈≈≈≈~.#
#..†....≈≈≈≈≈~...
#......~≈≈≈≈≈....
#.......≈≈≈≈≈....


You could see a river rat.

Vanquished Creatures
  Sigmund (D:2)
  5 adders
  5 river rats
  3 worms
  3 dart slugs
  9 endoplasms
  6 giant cockroaches
  4 goblins
  6 hobgoblins
  3 jackals (D:1)
  14 kobolds
  4 quokkas
  12 ball pythons
  6 bats
  A frilled lizard (D:1)
  18 rats
100 creatures vanquished.

Notes
Turn   | Place    | Note
-------+----------+-------------------------------------------
     0 | D:1      | zenocrate the Formicid Fighter began the quest for the Orb.
     0 | D:1      | Reached XP level 1. HP: 18/18 MP: 1/1
    51 | D:1      | Reached XP level 2. HP: 24/24 MP: 2/2
   256 | D:1      | Reached XP level 3. HP: 22/29 MP: 3/3
   543 | D:1      | Reached skill level 1 in Spellcasting
   733 | D:2      | Noticed Sigmund
   750 | D:2      | Killed Sigmund
   751 | D:2      | Reached XP level 4. HP: 2/38 MP: 5/5
   751 | D:2      | Reached XP level 5. HP: 2/43 MP: 6/6
   751 | D:2      | Reached XP level 6. HP: 3/49 MP: 7/7
  1200 | D:2      | Found Qufedaoh's Antique Armour Shoppe.
  1295 | D:2      | Learned a level 1 spell: Apportation
  1488 | D:3      | Found an ornate altar of the Wu Jian Council.
  1488 | D:3      | Found an opulent altar of Gozag.
  1488 | D:3      | Found a sparkling altar of Nemelex Xobeh.
  1506 | D:3      | Reached skill level 5 in Fighting
  1857 | D:3      | Reached skill level 5 in Axes
  1861 | D:3      | Found a glowing drain.
  1877 | Sewer    | Entered a sewer
  2119 | Sewer    | Slain by a river rat

Illustrated notes

Levels and vault maps discovered:
D:1:      minmay_arrival_radiant_lines, layout_rooms, serial_forest,
          infiniplex_forest_split, infiniplex_forest_clump_long,
          infiniplex_forest_lined_room_2, infiniplex_forest_zigzag_1,
          infiniplex_forest_lined_3, infiniplex_forest_corner_2,
          infiniplex_forest_zigzag_1, infiniplex_forest_end_2
D:2:      layout_rooms, serial_shops, nicolae_shop_tiny_waterfront,
          kennysheep_big_empty_room, uniq_sigmund
D:3:      minmay_inner_zag, layout_loops_ring, gammafunk_temple_overflow_claw,
          portal_sewer_entry_e, grunt_ministairs_14
Sewer:    sewer_minmay_treatment

Skill      XL: |  1  2  3  4  5  6 |
---------------+-------------------+-----
Axes           | 3 4 5 |  5.3
Spellcasting   | 1 |  1.0
Fighting       | 4 5 |  5.5
Armour         | |  3.2
Shields        | |  4.0

Action                     |  1- 3 |  4- 6 || total
---------------------------+-------+-------++-------
  Melee: War axe           |   101 |   117 ||   218
    Use: Potion            |     1 |       ||     1
         Scroll            |       |     8 ||     8
 Armour: Scale mail        |    73 |    86 ||   159
  Dodge: Dodged            |    61 |    52 ||   113
  Block: Buckler           |    29 |    37 ||    66

Table legend: (Time is in decaauts)
 A = Elapsed time spent in this place.
 B = Non-inter-level travel time spent in this place.
 C = Inter-level travel time spent in this place.
 D = Time resting spent in this place.
 E = Time spent auto-exploring this place.
 F = Levels seen in this place.
 G = Mean time per level.
                   A        B        C        D        E       F      G
               +--------+--------+--------+--------+--------+-----+--------+
         Total |   2198 |   2153 |     45 |      0 |   1559 |   4 |  549.5 |
       Dungeon |   1946 |   1901 |     45 |      0 |   1382 |   3 |  648.7 |
         Sewer |    252 |    252 |      0 |      0 |    177 |   1 |  252.0 |
               +--------+--------+--------+--------+--------+-----+--------+

Top non-repeatable levels by time:
     D:2: 719 daAuts
     D:1: 685 daAuts
     D:3: 541 daAuts
   Sewer: 252 daAuts
